 Dungeon Crawl Stone Soup version 0.26-a0-812-g31a745ddcd (webtiles) character file.

Game seed: 5119446332286829079

6 gbos the Digger (level 1, -1/11 HPs)
             Began as a Gargoyle Earth Elementalist on Nov 15, 2020.
             Slain by an ooze (2 damage)
             ... on level 1 of the Dungeon.
             The game lasted 00:00:45 (545 turns).

gbos the Digger (Gargoyle Earth Elementalist)        Turns: 545, Time: 00:00:46

Health: -1/11      AC:  4    Str: 11    XL:     1   Next: 90%
Magic:  2/3        EV: 12    Int: 15    God:
Gold:   14         SH:  0    Dex: 10    Spells: 3/4 levels left

rFire    . . .     SeeInvis .   (no weapon)
rCold    . . .     Faith    .   (no shield)
rNeg     + . .     Spirit   .   c - +0 robe
rPois    ∞         Reflect  .   (no helmet)
rElec    +         Harm     .   (no cloak)
rCorr    .         Rampage  .   (no gloves)
MR       .....                  (no boots)
Stlth    ++........             (no amulet)
HPRegen  0.03/turn              (no ring)
MPRegen  0.08/turn              (no ring)

@: no status effects
A: negative energy resistance 1, electricity resistance, unbreathing,
petrification resistance, rot immunity, AC +2
a: no special abilities


You were on level 1 of the Dungeon.
You visited 1 branch of the dungeon, and saw 1 of its levels.

You collected 14 gold pieces.


Innate Abilities, Weirdness & Mutations

You are resistant to torment.
Your stone body is resilient. (AC +2)
You are immune to poison.
You resist negative energy. (rN+)
You are resistant to electric shocks. (rElec)
You can survive without breathing.
You are immune to petrification.
You are immune to rotting.


   Skills:
 + Level 0.6 Fighting
 - Level 1.5 Dodging
 - Level 2.1 Stealth
 - Level 2.0 Spellcasting
   Level 0.7 Transmutations
 * Level 4.0 Earth Magic


You had 3 spell levels left.
You knew the following spells:

 Your Spells              Type           Power        Failure   Level
z - Sandblast             Erth           ##....       4%          1

Your spell library contained the following spells:

 Spells                   Type           Power        Failure   Level
 Passwall                 Tmut/Erth      #.......     13%         2
 Stone Arrow              Conj/Erth      #.....       28%         3
 Petrify                  Tmut/Erth      #.......     63%         4
 Lee's Rapid Deconstruct  Erth           ##........   75%         5

Inventory:

Missiles
 b - 22 stones (quivered)
Armour
 c - a +0 robe (worn)
Jewellery
 f - an uncursed amulet of guardian spirit
Scrolls
 a - a scroll of immolation {unknown}
 d - a scroll of amnesia {unknown}
 e - a scroll of fog {unknown}
Potions
 g - a potion of curing {unknown}

Dungeon Overview and Level Annotations

Branches:
Dungeon (1/15)

Altars:

................▒......▒▒▒▒▒▒▒▒▒
.........).....................▒
..▒.▒▒..........▒▒▒▒▒▒▒▒▒▒▒▒.▒▒▒
..▒..▒.▒▒▒......▒ ▒.▒
▒.▒▒.▒.▒▒▒......▒ ▒.▒
▒.▒.............▒ ▒▒▒
▒.▒..▒.▒.▒▒▒▒▒.▒▒▒▒▒▒
..........▒.........▒
[.....>...▒.....8...▒
................J...▒
.▒▒▒▒..▒..▒)........▒ .▒
▒▒.▒.▒▒......)..▒ .▒
▒...▒▒.........▒ .▒
▒...▒▒.........▒ .▒
▒...▒▒.........▒ .▒
▒...▒▒.........▒
.▒▒▒▒▒....▒.......


You could see an ooze.


Message History

b - 23 stones The ooze quivers.
You can't see any susceptible monsters within range! (Use Z to cast anyway.) Unknown command.
You see here 4 gold pieces.
Aiming: Sandblast (safe; 4% risk of failure)
Aim: an ooze The blast of sand hits the ooze.
The ooze is moderately wounded.
b - 22 stones The ooze barely misses you.
The ooze hits you but does no damage. The ooze hits you.
The ooze barely misses you. The ooze closely misses you. The ooze hits you.
* * * LOW HITPOINT WARNING * * *
The ooze barely misses you. The ooze hits you but does no damage.
The ooze closely misses you. The ooze misses you. The ooze closely misses you.
The ooze jiggles.
The ooze barely misses you. The ooze hits you but does no damage.
The ooze hits you.
* * * LOW HITPOINT WARNING * * *
The ooze hits you but does no damage. The ooze hits you.
You die...

Action                   || total
-------------------------++-------
Melee: Unarmed           ||    33
 Cast: Sandblast         ||     8
Armor: Robe              ||    23
Dodge: Dodged            ||    52

Levels and vault maps discovered:
D:1:      lightli_arrival_windingriver, layout_basic, roderic_serpentine_path

Notes
Turn   | Place    | Note
-------+----------+-------------------------------------------
     0 | D:1      | gbos the Gargoyle Earth Elementalist began the quest for
                  | the Orb.
     0 | D:1      | Reached XP level 1. HP: 10/10 MP: 3/3
    65 | D:1      | HP: 3/10 [kobold/+0 club (2)]
    69 | D:1      | HP: 1/10 [kobold/+0 club (2)]
   524 | D:1      | Reached skill level 4 in Earth Magic
   543 | D:1      | HP: 1/11 [ooze (4)]
   545 | D:1      | Slain by an ooze

Vanquished Creatures
  A giant cockroach (D:1)
  A hobgoblin (D:1)
  A kobold (D:1)
  A bat (D:1)
  2 rats (D:1)
6 creatures vanquished.
